 Dungeon Crawl Stone Soup version 0.30.1-11-g7821555f0a (webtiles) character file.

Game seed: 4601579983948225683

54 Martska the Trooper (level 3, 0/33 HPs)
             Began as a Draconian Fighter on Dec 10, 2023.
             Slain by Crazy Yiuf
             ... wielding a +2 quarterstaff of chaos
              (9 damage)
             ... on level 2 of the Dungeon.
             The game lasted 00:02:25 (1774 turns).

Martska the Trooper (Draconian Fighter)             Turns: 1774, Time: 00:02:26

Health: 0/33       AC:  5    Str: 20    XL:     3   Next: 66%
Magic:  3/3        EV: 12    Int: 14    God:
Gold:   86         SH:  4    Dex: 10    Spells: 2/2 levels left

rFire   . . .        a - +0 long sword
rCold   . . .        b - +0 buckler
rNeg    . . .        (body armour unavailable)
rPois   .            (helmet restricted)
rElec   .            (no cloak)
rCorr   .            (no gloves)
SInv    .            (no boots)
Will    .....        (no amulet)
Stlth   +            i - +6 ring of intelligence
HPRegen 0.25/turn    (no ring)
MPRegen 0.08/turn

%: no passive effects
@: no status effects
A: AC +5, unfitting armour, cold-blooded
a: no special abilities


You were on level 2 of the Dungeon.
You visited 1 branch of the dungeon, and saw 2 of its levels.

You collected 86 gold pieces.

Inventory:

Hand Weapons
 a - a +0 long sword (weapon)
Armour
 b - a +0 buckler (worn)
Jewellery
 i - a +6 ring of intelligence (left hand)
Scrolls
 f - 3 scrolls of teleportation {unknown}
 h - 3 scrolls of immolation {unknown}
 j - a scroll of identify {unknown}
 k - a scroll of amnesia {unknown}
 l - a scroll of brand weapon {unknown}
 m - a scroll of fog {unknown}
 n - 2 scrolls of summoning {unknown}
 o - a scroll of magic mapping {unknown}
 p - a scroll of enchant weapon {unknown}
Potions
 c - a potion of might
 d - a potion of flight {unknown}
 e - a potion of lignification {unknown}
 g - a potion of degeneration {unknown}
 q - a potion of haste {unknown}
 r - a potion of resistance {unknown}


   Skills:
 * Level 4.2 Fighting
 - Level 2.3 Long Blades
 + Level 3.4 Dodging
 - Level 3.0 Shields


You had 2 spell levels left.
You didn't know any spells.
Your spell library contained the following spells:

 Spells                   Type           Power      Damage    Failure   Level
 Apportation              Tloc           0%         N/A       34%         1
 Freeze                   Ice            0%         1d3       34%         1
 Magic Dart               Conj           0%         1d3       34%         1
 Necrotise                Necr           0%         1d4       34%         1
 Summon Small Mammal      Summ           0%         N/A       34%         1
 Lesser Beckoning         Tloc           0%         N/A       47%         2
 Searing Ray              Conj           0%         2d4       47%         2
 Frozen Ramparts          Ice            0%         1d1       71%         3
 Gell's Gravitas          Tloc           0%         N/A       71%         3
 Hailstorm                Conj/Ice       0%         3d3       71%         3
 Teleport Other           Tloc           0%         N/A       71%         3
 Fulminant Prism          Conj/Hex       0%         3d5       98%         4


Dungeon Overview and Level Annotations

Branches:
Dungeon (2/15)

Altars:

Annotations:
D:2 Crazy Yiuf


Innate Abilities, Weirdness & Mutations

Your plain brown scales are hard. (AC +5)
You cannot fit into any form of body armour.
You are cold-blooded and may be slowed by cold attacks.


Message History

The adder barely misses you.
You hit the adder.
You kill the adder!
No target in view!
No target in view!
No target in view!
No target in view!
No target in view!
No target in view!
No target in view!
No target in view!
No target in view!
No target in view!
No target in view!
No target in view!
You see here a +0 spear.
You see here a +0 ring mail.
Crazy Yiuf shouts!
Could not explore, unopened runed door.
Could not explore, unopened runed door.
No reachable target in view!
You open the door. You hit Crazy Yiuf but do no damage.
Crazy Yiuf hits you with a +2 quarterstaff of chaos.
You resist with some effort.
You hit Crazy Yiuf but do no damage.
You tail-slap Crazy Yiuf, but do no damage.
Crazy Yiuf misses you.
You closely miss Crazy Yiuf. You block Crazy Yiuf's attack.
Crazy Yiuf hits you with a +2 quarterstaff of chaos.
You hit Crazy Yiuf but do no damage. Crazy Yiuf barely misses you.
You hit Crazy Yiuf.
Crazy Yiuf is lightly wounded.
Crazy Yiuf closely misses you.
You barely miss Crazy Yiuf.
Crazy Yiuf is lightly wounded.
Crazy Yiuf hits you with a +2 quarterstaff of chaos!
* * * LOW HITPOINT WARNING * * *
Crazy Yiuf hits you with a +2 quarterstaff of chaos!
You die...

###.####..##
#...# #....#
#.### ♣....♣ #.#
♣..♣♣♣ ### ###.#
♣♣.♣ ..# #.÷.#
♣.♣♣ ..# #...#
♣♣.♣ ..####...#
♣.♣♣ ..#......#
♣♣@♣ ....##...#
#g# ..####...#
... ..# #...#
#...# ..# ######
#..)# ..# #...#
#####
..###...####
÷..........######
#.###...........#


You could see Crazy Yiuf.

Vanquished Creatures
  2 adders (D:2)
  A worm (D:2)
  3 ball pythons
  2 endoplasms
  A giant cockroach (D:1)
  5 goblins
  2 hobgoblins (D:2)
  4 jackals (D:1)
  A kobold (D:1)
  A quokka (D:1)
  5 bats
  A frilled lizard (D:1)
  2 rats
30 creatures vanquished.

Notes
Turn   | Place    | Note
-------+----------+-------------------------------------------
     0 | D:1      | Martska the Draconian Fighter began the quest for the Orb.
     0 | D:1      | Reached XP level 1. HP: 19/19 MP: 1/1
   399 | D:1      | Reached XP level 2. HP: 26/26 MP: 2/2
  1296 | D:2      | Reached XP level 3. HP: 27/33 MP: 3/3
  1472 | D:2      | Reached skill level 4 in Fighting
  1495 | D:2      | Found a runed translucent door.
  1496 | D:2      | Noticed Crazy Yiuf
  1774 | D:2      | Slain by Crazy Yiuf

Illustrated notes

Levels and vault maps discovered:
D:1:      eino_arrival_cavern_e, layout_basic
D:2:      layout_rooms, uniq_crazy_yiuf_cottage

Skill      XL: |  1  2  3 |
---------------+----------+-----
Dodging        | 3 |  3.4
Fighting       | 4 |  4.2
Long Blades    | |  2.3
Shields        | |  3.0

Action                     || total
---------------------------++-------
  Melee: Long sword        ||   108
         Tailslap          ||     9
   Stab: Sleeping          ||     1
 Armour: Skin              ||    47
  Dodge: Dodged            ||    72
  Block: Buckler           ||    15
